AoeStats
← Torment4h

Arena

506300183Analyzed
1v1 RM · 18d ago on Sep 13, 2026· 52m 4s· 2 players
Game mode
Random Map
Map size
Tiny (2 player)
Population
200
Speed
Normal
Resources
Standard
Victory
Conquest
Starting age
Dark Age
Ending age
Imperial Age
RankedLock teamsTeams togetherTeam positionsShared explorationLock speedFull tech treeHidden civsTurbo modeCheats
Victory
Defeat
🇹🇼 Japanese · Taiwan
829
+16
🇲🇽 Britons · Mexico
825
-38
Torment4h
4:01 Loom
10:44 Feudal Age
11:33 Double-Bit Axe
14:33 Horse Collar
20:15 Castle Age
18:54 Gold Mining
18:54 Stone Mining
20:05 Padded Archer Armor
19:56 Fletching
21:44 Bow Saw
21:36 Heavy Plow
21:58 Husbandry
27:06 Town Watch
27:57 Wheelbarrow
27:48 Town Patrol
29:15 Scale Barding Armor
29:11 Scale Mail Armor
29:22 Forging
29:59 Hand Cart
30:04 Light Cavalry
30:53 Elite Skirmisher
37:47 Ballistics
41:25 Imperial Age
44:03 Chain Barding Armor
43:59 Chain Mail Armor
44:00 Leather Archer Armor
43:41 Bodkin Arrow
44:21 Iron Casting
49:33 Ballistics
50:26 Chemistry
m00157301
8:57 Feudal Age
10:20 Wheelbarrow
9:33 Double-Bit Axe
9:30 Horse Collar
19:21 Castle Age
18:46 Scale Mail Armor
18:57 Forging
18:44 Stone Mining
19:20 Gold Mining
21:28 Chain Mail Armor
21:57 Heavy Plow
23:13 Bow Saw
29:19 Gold Shaft Mining
28:37 Pikeman
29:17 Squires
29:25 Yasama
39:10 Imperial Age
36:56 Hand Cart
36:26 Loom
36:27 Town Watch
39:18 Elite Samurai
40:33 Hoardings
40:19 Kataparuto
40:19 Conscription
40:11 Halberdier
41:25 Plate Mail Armor
41:31 Iron Casting
40:19 Capped Ram
41:19 Scale Barding Armor
44:57 Blast Furnace
44:21 Cavalier
45:02 Husbandry
48:53 Chain Barding Armor
Connection lost

Rejoining the realm…

Still unreachable

The connection could not be restored.

Session expired

The server has moved on; the page needs a fresh start.